 Dungeon Crawl Stone Soup version 0.27-a0-1119-gbf574a6a6b (webtiles) character file.

Game seed: 2465147121241665767

588 voltaire321 the Sneak (level 7, -2/46 HPs)
             Began as an Octopode Brigand on May 3, 2021.
             Slain by a sky beast (5 damage)
             ... on level 5 of the Dungeon.
             The game lasted 00:13:27 (4447 turns).

voltaire321 the Sneak (Octopode Brigand)            Turns: 4447, Time: 00:13:27

Health: -2/46      AC:  1    Str:  9 (10) XL:     7   Next: 38%
Magic:  8/8        EV: 14    Int: 12 (15) God:
Gold:   257        SH:  0    Dex: 19 (20) Spells: 6/8 levels left

rFire    . . .     SeeInvis .   a - +3 dagger
rCold    . . .     Faith    .   (no shield)
rNeg     . . .     Spirit   .   (helmet restricted)
rPois    .         Reflect  .   (no amulet)
rElec    .         Harm     .   j - +6 ring of dexterity
rCorr    .         Rampage  .   (no ring)
Will     .....                  (no ring)
Stlth    +++++.....             (no ring)
HPRegen  0.15/turn              (no ring)
MPRegen  0.11/turn              (no ring)
                                (no ring)
                                (no ring)

@: no status effects
A: almost no armour, amphibious, 8 rings, camouflage 1, gelatinous body 1,
(nimble swimmer 1), tentacles
a: no special abilities


You were on level 5 of the Dungeon.
You visited 1 branch of the dungeon, and saw 5 of its levels.

You collected 257 gold pieces.

Inventory:

Hand Weapons
 a - a +3 dagger (weapon)
Missiles
 b - 27 poisoned darts (quivered)
 c - a curare-tipped dart
 f - 3 javelins
 m - 2 boomerangs
Magical Staves
 h - a staff of fire
Jewellery
 j - a +6 ring of dexterity (left tentacle)
Wands
 r - a wand of polymorph (5)
Scrolls
 d - 3 scrolls of teleportation
 i - 5 scrolls of identify {unknown}
 l - 3 scrolls of enchant weapon
 n - a scroll of silence {unknown}
 o - a scroll of magic mapping {unknown}
 q - a scroll of noise {unknown}
Potions
 g - a potion of heal wounds {unknown}
 k - a potion of brilliance {unknown}
 p - a potion of curing {unknown}


   Skills:
 + Level 3.6 Fighting
 + Level 3.5 Short Blades
 + Level 3.7 Throwing
 + Level 3.2 Dodging
 + Level 6.9 Stealth
 - Level 1.0 Spellcasting
 + Level 2.2 Summonings


You had 6 spell levels left.
You knew the following spells:

 Your Spells              Type           Power      Damage    Failure   Level
a - Call Imp              Summ           6%         N/A       19%         2

Your spell library contained the following spells:

 Spells                   Type           Power      Damage    Failure   Level
 Summon Small Mammal      Summ           24%        N/A       12%         1
 Magic Dart               Conj           0%         1d3       30%         1
 Call Canine Familiar     Summ           6%         N/A       34%         3
 Searing Ray              Conj           0%         3d3       41%         2
 Summon Guardian Golem    Hex/Summ       3%         N/A       50%         3
 Dazzling Flash           Conj/Hex       0%         N/A       65%         3
 Summon Ice Beast         Ice/Summ       3%         N/A       88%         4
 Summon Lightning Spire   Summ/Air       3%         N/A       88%         4
 Fulminant Prism          Conj/Hex       0%         3d6       96%         4
 Iskenderun's Mystic Bla  Conj/Tloc      0%         2d3       96%         4


Dungeon Overview and Level Annotations

Branches:
Dungeon (5/15)
 Temple: D:4-7

Altars:
Gozag
Hepliaklqana
Makhleb


Innate Abilities, Weirdness & Mutations

You cannot wear most types of armour.
You are amphibious.
You can wear up to eight rings at the same time.
Your skin changes colour to match your surroundings (Stealth+).
Your rubbery body absorbs attacks. (AC +1, EV +1)
((You are camouflaged near water. (Stealth+)))
You have tentacles for arms and can constrict up to eight enemies at once.


Message History

The orc hits you but does no damage.
Things that are here:
a +0 trident; an orc corpse You hit the orc but do no damage.
You grab the orc.
You constrict the orc, but do no damage.
You hit the orc.
The orc is moderately wounded.
You constrict the orc. The orc misses you.
You completely miss the orc. You squeeze the orc, but do no damage.
The orc is heavily wounded.
You constrict the orc, but do no damage.
The orc hits you with a +0 trident.
You hit the orc.
You kill the orc!
You hit the sky beast.
The sky beast is lightly wounded.
The sky beast hits you. The sky beast shocks you.
You closely miss the sky beast.
The sky beast is lightly wounded.
The sky beast misses you.
You barely miss the sky beast.
The sky beast is lightly wounded.
The sky beast hits you. The sky beast shocks you.
You hit the sky beast.
The sky beast is lightly wounded.
The sky beast flickers out of sight!
Deactivating autopickup; reactivate with Ctrl-A.
Something hits you. Something shocks you.
You miss something. You barely miss something. You squeeze something.
Something hits you.
* * * LOW HITPOINT WARNING * * *
Something shocks you.
* * * LOW HITPOINT WARNING * * *
It was a potion of degeneration.
There was something very wrong with that liquid.
You feel weakened.
You feel dopey.
You feel clumsy. Something hits you.
* * * LOW HITPOINT WARNING * * *
Something shocks you.
You die...

##.# #.#
#.# #.#
#.# #.#
######.#
#.)....#
#@######
#{# #.#
#.# ...
... ...
.....


There were no monsters in sight!

Vanquished Creatures
  2 water moccasins
  An ogre (D:4)
  Crazy Yiuf (D:4)
  A jelly (D:4)
  An iguana (D:4)
  An orc wizard (D:4)
  A killer bee zombie (D:4)
  3 gnolls
  A howler monkey skeleton (D:4)
  3 adders
  10 orcs
  4 bats
  5 endoplasms
  6 giant cockroaches
  7 goblins
  6 hobgoblins
  18 jackals
  5 kobolds
  2 quokkas
  3 ball pythons
  5 rats
86 creatures vanquished.

Notes
Turn   | Place    | Note
-------+----------+-------------------------------------------
     0 | D:1      | voltaire321 the Octopode Brigand began the quest for the
                  | Orb.
     0 | D:1      | Reached XP level 1. HP: 14/14 MP: 1/1
   157 | D:1      | Reached XP level 2. HP: 19/19 MP: 2/2
   492 | D:1      | Reached XP level 3. HP: 24/24 MP: 3/3
  1016 | D:2      | You fall into a shaft and drop 1 floor!
  1489 | D:2      | Learned a level 2 spell: Call Imp
  1531 | D:2      | Reached XP level 4. HP: 25/30 MP: 4/4
  1690 | D:2      | Found a faded altar of an unknown god.
  1923 | D:3      | Found a burning altar of Makhleb.
  2302 | D:4      | Noticed a water moccasin
  2600 | D:4      | Killed a water moccasin
  2601 | D:4      | Reached skill level 6 in Stealth
  2601 | D:4      | Reached skill level 1 in Spellcasting
  2601 | D:4      | Reached skill level 1 in Summonings
  2601 | D:4      | Reached XP level 5. HP: 30/36 MP: 4/6
  2605 | D:4      | Reached XP level 6. HP: 7/42 MP: 4/7
  3744 | D:4      | Found a hazy altar of Hepliaklqana.
  3815 | D:4      | Found an opulent altar of Gozag.
  4116 | D:4      | Reached XP level 7. HP: 33/46 MP: 8/8
  4205 | D:4      | Found a runed translucent door.
  4206 | D:4      | Noticed Crazy Yiuf
  4226 | D:4      | Killed Crazy Yiuf
  4290 | D:5      | Entered Level 5 of the Dungeon
  4447 | D:5      | Slain by a sky beast

Illustrated notes

Levels and vault maps discovered:
D:1:      dpeg_arrival_prison, layout_basic
D:2:      layout_basic, hellmonk_ecumenical_altar_inner_sanctum,
          minmay_misc_feat_enclosed
D:3:      layout_loops_ring, lemuel_round_altar
D:4:      layout_basic, overflow_temple_1_default, kennysheep_mini_moat,
          uniq_crazy_yiuf_cottage
D:5:      layout_loops_ring, gammafunk_temple_overflow_pools, chequers_avenue

Skill      XL: |  1  2  3  4  5  6  7 |
---------------+----------------------+-----
Dodging        | 2 3 |  3.2
Fighting       | 3 |  3.6
Throwing       | 3 |  3.7
Stealth        | 6 |  6.9
Spellcasting   | 1 |  1.0
Summonings     | 1 2 |  2.2
Short Blades   | 3 |  3.5

Action                   |  1- 3 |  4- 6 |  7- 9 || total
-------------------------+-------+-------+-------++-------
Melee: Dagger            |    75 |    62 |    21 ||   158
       Constrict         |    14 |    15 |     3 ||    32
       Tentacles         |     6 |    17 |     3 ||    26
       Unarmed           |       |       |     4 ||     4
Throw: Dart              |     3 |    28 |       ||    31
       Boomerang         |       |     5 |       ||     5
 Cast: Call Imp          |       |       |     1 ||     1
  Use: Scroll            |     3 |     1 |       ||     4
       Potion            |       |       |     1 ||     1
 Stab: Sleeping          |    21 |     8 |     4 ||    33
       Confused          |       |       |     1 ||     1
Armor: Skin              |     5 |     1 |     1 ||     7
Dodge: Dodged            |    28 |    33 |     6 ||    67

Table legend: (Time is in decaauts)
 A = Elapsed time spent in this place.
 B = Non-inter-level travel time spent in this place.
 C = Inter-level travel time spent in this place.
 D = Time resting spent in this place.
 E = Time spent auto-exploring this place.
 F = Levels seen in this place.
 G = Mean time per level.
                   A        B        C        D        E       F      G
               +--------+--------+--------+--------+--------+-----+--------+
         Total |   4427 |   4205 |    222 |   1256 |   1920 |   5 |  885.4 |
       Dungeon |   4427 |   4205 |    222 |   1256 |   1920 |   5 |  885.4 |
               +--------+--------+--------+--------+--------+-----+--------+

Top non-repeatable levels by time:
     D:3: 1491 daAuts
     D:4: 1269 daAuts
     D:1: 898 daAuts
     D:2: 615 daAuts
     D:5: 152 daAuts
